Map: Ruines de Seras

Players

TaylorSwift - Winner!

  • Race: Terran Terran
  • League: Grandmaster

Dune - Winner!

  • Race: Terran Terran
  • League: Grandmaster

Kirito

  • Race: Protoss Protoss
  • League: Diamond

xongnoc

  • Race: Protoss Protoss
  • League: Gold

VOD

Have the link to the VOD?

Description

Time

  • Played on: Sept. 27, 2015, 3:56 p.m.
  • Length: 23:53
Show
View Real Time Build Order
Export as new Build Order

TaylorSwift Terran - Winner!

Build Orders: Reaper Expand, MMM Bio 

Get SALT Encoding   

  12  0:00  SCV  
  13  0:12  SCV  
  14  0:18  Supply Depot  
  14  0:24  SCV  
  15  0:40  SCV  
  15  0:42  Barracks  
  16  0:46  Refinery  
  16  0:52  SCV  
  17  1:04  SCV  
  18  1:16  SCV  
  19  1:30  Orbital Command  
  19  1:31  Reaper  
  20  1:45  Command Center  
  20  1:57  SCV  
  20  1:58  Supply Depot  
  21  2:09  SCV  
  22  2:18  Barracks Reactor  
  22  2:21  SCV  
  23  2:25  Supply Depot  
  23  2:29  Factory  
  23  2:33  SCV  
  24  2:45  SCV  
  25  2:55  Marine x2  
  25  2:57  SCV  
  28  3:00  Orbital Command  
  28  3:03  Bunker  
  28  3:09  SCV  
  28  3:13  Marine x2  
  28  3:14  Factory Tech Lab  
  30  3:23  SCV  
  31  3:28  SCV  
  31  3:31  Marine x2  
  31  3:33  Cyclone  
  31  3:34  Supply Depot  
  37  3:35  SCV  
  37  3:40  SCV  
  39  3:47  SCV  
  40  3:52  SCV, Marine x2  
  40  3:53  Supply Depot  
  43  3:59  SCV, Refinery  
  44  4:03  Supply Depot  
  44  4:04  SCV  
  45  4:11  SCV  
  45  4:12  Marine x2  
  45  4:16  SCV  
  49  4:19  Supply Depot  
  49  4:23  Supply Depot, SCV  
  50  4:27  Cyclone  
  50  4:28  SCV  
  50  4:30  Marine x2  
  56  4:35  Refinery  
  56  4:36  SCV  
  57  4:40  SCV  
  57  4:48  SCV, Marine x2  
  57  5:03  SCV x2  
  57  5:06  Marine x2  
  61  5:09  Command Center  
  61  5:11  Barracks  
  61  5:13  Barracks  
  60  5:16  SCV  
  60  5:17  Refinery  
  60  5:19  Cyclone  
  64  5:23  SCV  
  64  5:28  SCV  
  64  5:29  Marine  
  64  5:30  Marine  
  64  5:35  SCV  
  68  5:41  SCV  
  69  5:47  SCV  
  70  5:53  SCV, Barracks  
  70  5:54  Barracks  
  71  5:59  SCV  
  71  6:05  SCV  
  71  6:08  Starport  
  72  6:11  SCV  
  72  6:12  Supply Depot  
  72  6:16  Engineering Bay  
  72  6:17  Barracks Reactor, Barracks Tech Lab, SCV  
  74  6:21  Stimpack  
  74  6:23  SCV, Orbital Command  
  75  6:29  SCV, Supply Depot  
  76  6:35  SCV  
  77  6:41  SCV, Factory Reactor, Barracks Reactor  
  77  6:42  Barracks Tech Lab  
  77  6:43  Marauder  
  80  6:47  Terran Infantry Weapons Level 1, SCV  
  80  6:48  Medivac  
  80  6:52  Orbital Command  
  80  6:53  SCV  
  85  6:54  Supply Depot x3  
  85  6:56  Medivac  
  85  6:58  Marine x2, Marauder  
  85  6:59  SCV  
  91  7:03  Marine  
  91  7:05  Combat Shields  
  91  7:07  Marine  
  93  7:09  SCV  
  93  7:12  SCV  
  95  7:16  Marine x2  
  95  7:18  Marine  
  95  7:22  Medivac  
  101  7:23  Marine, Marauder  
  101  7:25  SCV, Marauder  
  101  7:26  SCV x2  
  107  7:37  Medivac, Bunker, Marauder  
  107  7:38  SCV x3  
  107  7:39  Marine x3  
  107  7:40  Marine  
  118  7:44  Marauder  
  118  7:46  Marauder  
  120  7:57  SCV x3, Marine  
  124  7:58  Marauder  
  124  8:00  Widow Mine, Medivac  
  124  8:01  Widow Mine  
  124  8:03  Marine  
  124  8:04  Marine x2  
  133  8:05  Marauder  
  133  8:07  Medivac, Marine  
  133  8:09  SCV x3  
  139  8:15  Marine  
  139  8:18  Refinery x2  
  139  8:19  Marine  
  141  8:21  SCV x3, Marine x3  
  141  8:26  Concussive Shells, Marauder  
  149  8:33  Marine  
  149  8:36  Marauder  
  148  8:45  Marine  
  149  8:50  SCV x2, Medivac x2  
  149  8:51  Supply Depot x2, Marauder  
  149  8:53  Supply Depot  
  149  8:55  Supply Depot x2  
  157  9:05  Supply Depot  
  157  9:06  Marine x3, Widow Mine x2  
  157  9:07  SCV, Terran Infantry Armor Level 1  
  165  9:12  Marine  
  165  9:13  Marauder x3  
  172  9:18  Command Center  
  172  9:20  Medivac  
  173  9:24  Marine x3, Medivac  
  173  9:30  Marine  
  176  9:34  Marauder x2, Widow Mine x2, Marine  
  180  9:41  Barracks  
  180  9:42  Barracks x2, Marine  
  181  9:50  Medivac, Marine x3  
  181  9:52  Marauder  
  188  9:56  Marauder x2  
  188  9:57  Missile Turret  
  186  10:00  Marine  
  186  10:03  Medivac, Widow Mine x2  
  186  10:04  Missile Turret  
  172  10:07  Marine  
  172  10:08  Marine  
  172  10:09  Marine  
  172  10:14  Marauder  
  174  10:15  Missile Turret  
  174  10:17  Marauder x2  
  174  10:20  Medivac  
  173  10:22  Marine  
  173  10:25  Marine  
  165  10:32  Marine x2, Widow Mine x2  
  165  10:35  Marauder  
  164  10:39  Marine x2, Marauder x2  
  151  10:52  Marine  
  151  10:56  Marauder  
  154  11:00  Marauder x2  
  155  11:07  Barracks Tech Lab x2  
  155  11:18  Marauder  
  157  11:20  Marine  
  157  11:21  Marauder x2, Medivac x2  
  166  11:27  Planetary Fortress  
  166  11:30  SCV  
  166  11:31  SCV x2  
  166  11:32  Marauder  
  167  11:33  Marine  
  167  11:39  Marauder  
  170  11:42  SCV  
  170  11:43  SCV x2, Marauder x2  
  170  11:44  Marauder  
  170  11:45  Marine  
  174  11:53  Marauder  
  174  11:58  Marine x4  
  174  11:59  Medivac x2  
  174  12:00  Widow Mine  
  174  12:01  Marauder  
  184  12:03  Marine  
  184  12:04  Marauder  
  184  12:05  Marauder x2  
  191  12:15  Marauder  
  193  12:16  Marine x2  
  193  12:22  Marauder  
  192  12:25  Marauder  
  192  12:26  Marauder x2  
  192  12:29  Medivac x2  
  198  12:30  Marine x2  
  200  12:43  Marauder  
  198  12:56  Missile Turret  
  198  12:58  Marauder x2, Marine  
  192  13:05  Marauder  
  193  13:10  Armory  
  193  13:11  Engineering Bay  
  193  13:19  Command Center, Refinery x2, Marauder  
  196  13:20  Marine x4, Marauder x3  
  196  13:24  Medivac x2  
  196  13:26  Marauder  
  176  13:37  Marine  
  176  13:38  Marine x3  
  176  13:40  Marine  
  176  13:41  Marauder x4  
  165  13:47  Marauder  
  159  13:51  Widow Mine x2  
  159  13:54  Medivac x2  
  159  13:55  Marine x2  
  167  13:56  Marine  
  167  14:02  Marine x2, Marauder x3  
  177  14:03  Marauder  
  177  14:09  Marauder  
  181  14:13  Marine  
  182  14:24  Marauder x4  
  189  14:30  Marauder  
  189  14:31  Marine x5  
  183  14:45  Marauder x4  
  182  14:49  Marine x2  
  182  14:50  Marine x3  
  182  14:52  Marauder  
  185  15:06  Marauder x2  
  185  15:07  Marine x3, Marauder x2  
  191  15:12  Terran Infantry Weapons Level 2  
  191  15:13  Marauder, Terran Infantry Armor Level 2  
  193  15:25  Marine x2  
  193  15:26  Widow Mine x2, Medivac x2  
  193  15:28  Marauder x2  
  200  15:32  Planetary Fortress  
  199  15:49  Missile Turret  
  194  15:50  Missile Turret  
  194  15:55  Marauder x2  
  194  15:56  Marauder x3  
  198  15:57  Marine  
  198  15:58  Marine x4  
  193  16:15  Marine x4  
  193  16:17  Marauder  
  182  16:29  Marine, Marauder x4  
  182  16:31  Medivac  
  189  16:33  Marine  
  189  16:35  Command Center  
  189  16:38  Marauder  
  192  16:43  Command Center  
  133  17:20  Marauder x3  
  133  17:21  Marine, Marauder x2  
  133  17:22  Marine x4  
  138  17:24  Widow Mine x2, Medivac x2  
  143  17:36  Terran Infantry Weapons Level 3  
  139  17:37  Terran Infantry Armor Level 3  
  139  17:39  Marine x2  
  139  17:40  Marine x3  
  139  17:42  Marauder x5  
  154  17:48  Missile Turret  
  154  17:51  Planetary Fortress  
  151  17:53  Widow Mine x2  
  151  17:54  Medivac x2  
  151  17:56  Planetary Fortress, Missile Turret  
  151  17:57  Marine x2  
  161  18:03  Marauder x4  
  158  18:13  Marauder, Marine x2  
  159  18:24  Marauder  
  148  18:34  Marine x2, Marauder x3  
  148  18:35  Marauder  
  148  18:36  Widow Mine, Medivac x2  
  148  18:37  Marine, Widow Mine  
  148  18:38  Marine  
  148  18:39  Marine  
  165  18:46  Marauder  
  153  19:02  Marauder  
  153  19:03  Marine x2, Marauder x3  
  153  19:07  Medivac, Marauder  
  161  19:12  Medivac  
  163  19:24  Marauder  
  165  19:35  Marine x5, Marauder x4  
  178  19:45  Viking x2, Marauder  
  184  19:47  Hellbat  
  184  19:49  Hellbat  
  187  19:56  Marauder x2  
  189  20:00  Marine  
  189  20:01  Marauder, Marine x3  
  189  20:03  Marine  
  189  20:04  Marine  
  189  20:06  Marine  
  190  20:14  Widow Mine x2  
  190  20:15  Medivac  
  174  20:24  Marauder x2, Marine x7  
  174  20:25  Marine  
  181  20:39  Medivac  
  181  20:42  Marine x5  
  179  20:43  Marauder x2  
  179  20:45  Medivac  
  179  20:49  Marauder x2, Marine  
  193  21:00  Marine x5  
  193  21:04  Marine x2  
  197  21:07  Marine  
  197  21:10  Marine x2  
  195  21:18  Marine x5  
  194  21:23  Marauder x2  
  194  21:25  Marauder  
  168  21:28  Marine x2  
  168  21:30  Widow Mine, Medivac x2  
  168  21:31  Widow Mine  
  178  21:35  Marine  
  178  21:36  Marine x4  
  179  21:43  Marine  
  179  21:44  Marine  
  179  21:45  Marine  
  179  21:46  Marauder  
  179  21:47  Marauder  
  186  21:53  Marine x2  
  188  21:59  Widow Mine x2  
  188  22:00  Medivac x2  
  196  22:02  Marauder x2  
  200  22:12  Marauder  
  200  22:13  Marine x3, Marauder x2  
  193  22:32  SCV x7  
  199  22:47  Marauder x3  
  199  22:48  Marine  
  174  23:00  Marine, Marauder x2  
  174  23:01  Marine x3  
  164  23:05  Marine  
  164  23:08  Marauder x2  
  164  23:09  Medivac x2, Widow Mine, Marauder  
  164  23:10  Widow Mine  
  179  23:18  Marine  
  180  23:21  Marauder x2  
  181  23:30  Marauder  
  181  23:33  Marine x2  
Show
View Real Time Build Order
Export as new Build Order

Dune Terran - Winner!

Build Orders:  

Get SALT Encoding   

  12  0:00  Probe (Chrono Boost)  
  13  0:10  Probe (Chrono Boost)  
  14  0:20  Pylon  
  14  0:21  Probe (Chrono Boost)  
  15  0:37  Probe (Chrono Boost)  
  15  0:39  Gateway  
  16  0:47  Probe (Chrono Boost), Assimilator  
  17  0:57  Probe (Chrono Boost)  
  18  1:07  Probe (Chrono Boost)  
  19  1:17  Probe (Chrono Boost)  
  20  1:27  Nexus  
  20  1:38  Cybernetics Core  
  20  1:45  Pylon  
  20  1:47  Probe (Chrono Boost)  
  20  1:53  Assimilator  
  21  1:57  Probe (Chrono Boost)  
  22  2:07  Probe (Chrono Boost)  
  22  2:08  Assimilator  
  23  2:10  Adept  
  24  2:19  Warp Gate  
  24  2:20  Probe (Chrono Boost)  
  25  2:33  Robotics Facility  
  25  2:39  Probe (Chrono Boost)  
  25  2:40  Probe (Chrono Boost), Adept  
  30  2:52  Probe x2 (Chrono Boost)  
  31  3:04  Probe (Chrono Boost)  
  32  3:10  Probe (Chrono Boost)  
  32  3:13  Adept, Warp Prism  
  35  3:25  Gateway  
  36  3:31  Gateway  
  37  3:35  Probe x2 (Chrono Boost)  
  38  3:43  Gateway  
  38  3:47  Probe x2 (Chrono Boost)  
  40  3:57  Probe (Chrono Boost)  
  40  3:59  Probe (Chrono Boost)  
  42  4:07  Probe (Chrono Boost)  
  44  4:11  Probe (Chrono Boost), Pylon  
  44  4:21  Pylon  
  44  4:23  Adept, Pylon  
  46  4:29  Probe (Chrono Boost)  
  46  4:31  Probe (Chrono Boost), Pylon  
  48  4:32  Pylon  
  48  4:37  Pylon  
  46  4:39  Probe (Chrono Boost)  
  46  4:41  Adept x2  
  46  4:43  Probe (Chrono Boost)  
  52  4:48  Probe (Chrono Boost)  
  52  4:49  Adept  
  55  4:54  Pylon  
  55  4:55  Probe (Chrono Boost)  
  55  4:56  Assimilator  
  55  4:58  Mothership Core (Chrono Boost), Adept  
  58  5:03  Adept  
  59  5:07  Probe (Chrono Boost)  
  55  5:18  Twilight Council  
  51  5:30  Probe x2 (Chrono Boost)  
  51  5:33  Assimilator  
  53  5:35  Gateway  
  53  5:37  Gateway  
  53  5:38  Nexus  
  53  5:39  Adept x2  
  53  5:41  Observer  
  56  5:45  Probe (Chrono Boost)  
  56  5:46  Probe (Chrono Boost)  
  56  5:48  Adept x2  
  62  5:52  Blink  
  62  6:01  Warp Prism  
  62  6:02  Probe (Chrono Boost)  
  62  6:03  Probe (Chrono Boost)  
  66  6:12  Probe (Chrono Boost)  
  66  6:13  Pylon  
  66  6:15  Probe (Chrono Boost)  
  68  6:20  Robotics Bay  
  68  6:22  Probe (Chrono Boost)  
  68  6:23  Adept  
  71  6:26  Pylon  
  71  6:30  Probe (Chrono Boost)  
  71  6:32  Probe (Chrono Boost)  
  73  6:35  Adept  
  75  6:41  Pylon  
  75  6:42  Probe x2 (Chrono Boost), Observer  
  78  6:49  Zealot  
  78  6:50  Zealot  
  78  6:52  Probe (Chrono Boost)  
  78  6:54  Probe x2 (Chrono Boost)  
  85  6:59  Zealot x2  
  85  7:01  Colossus  
  89  7:06  Probe (Chrono Boost), Pylon  
  92  7:08  Probe (Chrono Boost)  
  97  7:15  Probe (Chrono Boost)  
  97  7:18  Forge  
  97  7:21  Forge  
  97  7:24  Adept  
  97  7:26  Adept  
  96  7:40  Nexus  
  96  7:41  Extended Thermal Lance  
  96  7:47  Colossus  
  96  7:48  Templar Archives  
  96  7:55  Pylon  
  96  7:56  Charge  
  102  7:59  Protoss Ground Weapons Level 1, Protoss Ground Armor Level 1  
  102  8:02  Zealot  
  102  8:03  Zealot  
  102  8:06  Adept  
  102  8:08  Adept  
  106  8:16  Pylon, Zealot  
  108  8:20  Zealot  
  110  8:28  Zealot x2  
  110  8:29  Zealot x2  
  110  8:30  Colossus  
  118  8:40  Zealot x2  
  126  8:45  Probe (Chrono Boost)  
  125  8:50  Zealot  
  125  8:51  Templar Archives, Zealot  
  125  8:52  Zealot  
  125  8:55  Probe (Chrono Boost)  
  132  8:56  Probe (Chrono Boost)  
  132  9:00  Probe (Chrono Boost)  
  134  9:08  Probe (Chrono Boost)  
  132  9:13  Nexus  
  132  9:20  Zealot x2  
  132  9:21  Zealot  
  138  9:25  Colossus  
  138  9:28  Adept x2  
  138  9:29  Pylon  
  138  9:39  Psionic Storm  
  138  9:42  High Templar  
  139  9:46  Assimilator  
  139  9:49  Zealot, Assimilator  
  139  9:50  Zealot  
  143  9:54  Adept  
  143  9:55  Adept  
  145  10:04  Zealot  
  139  10:12  Protoss Ground Armor Level 2, Protoss Ground Weapons Level 2  
  139  10:16  Zealot x5  
  139  10:19  Probe x2 (Chrono Boost)  
  139  10:21  Probe (Chrono Boost)  
  144  10:27  Gateway  
  138  10:29  Gateway  
  138  10:30  Probe (Chrono Boost)  
  138  10:32  Probe (Chrono Boost)  
  126  10:36  Probe (Chrono Boost), Pylon  
  126  10:38  Zealot  
  126  10:41  High Templar  
  126  10:42  Zealot  
  125  10:44  Probe (Chrono Boost)  
  125  10:48  Probe (Chrono Boost)  
  125  10:52  Assimilator  
  125  10:53  Dark Shrine  
  125  10:54  Stalker, Assimilator  
  127  11:00  Pylon  
  119  11:05  Zealot x3  
  119  11:06  Adept  
  119  11:11  Colossus  
  119  11:17  Zealot x2  
  117  11:27  Zealot x3  
  120  11:42  Zealot x2  
  120  11:43  Zealot x3  
  120  11:45  Probe (Chrono Boost)  
  120  11:46  Pylon  
  131  11:48  Gateway  
  131  11:50  Gateway  
  131  11:53  Stalker  
  133  11:55  Photon Cannon  
  133  12:00  High Templar  
  133  12:01  Observer, High Templar  
  137  12:06  Dark Templar, Archon  
  137  12:07  Dark Templar x2  
  137  12:08  Zealot x2  
  141  12:19  Probe (Chrono Boost)  
  141  12:20  Probe (Chrono Boost), Zealot  
  140  12:24  Probe x2 (Chrono Boost), Photon Cannon  
  140  12:32  High Templar x2  
  144  12:37  Archon  
  144  12:42  Nexus  
  144  12:43  High Templar x2  
  132  12:56  Zealot  
  126  12:58  Mothership Core (Chrono Boost)  
  126  13:02  Twilight Council  
  126  13:03  Probe (Chrono Boost)  
  126  13:04  Probe (Chrono Boost)  
  125  13:06  Zealot x2  
  125  13:10  Zealot  
  125  13:11  Zealot  
  131  13:16  Probe x2 (Chrono Boost)  
  128  13:20  Zealot x2  
  128  13:21  Zealot  
  130  13:28  Zealot  
  130  13:29  Zealot  
  130  13:32  Zealot x2  
  125  13:36  Pylon  
  125  13:39  Pylon  
  125  13:41  Adept  
  115  13:44  Photon Cannon  
  115  13:47  High Templar x2  
  117  13:50  Zealot x2  
  121  13:59  High Templar x2  
  121  14:01  Adept  
  120  14:05  Probe (Chrono Boost)  
  120  14:07  Probe (Chrono Boost)  
  120  14:08  Probe x2 (Chrono Boost), Assimilator  
  114  14:12  Zealot x2  
  114  14:13  Assimilator  
  114  14:15  Probe (Chrono Boost)  
  119  14:19  Probe (Chrono Boost)  
  119  14:20  Probe (Chrono Boost)  
  116  14:24  Adept  
  116  14:25  Adept x2  
  122  14:38  Zealot x3  
  125  14:47  Probe (Chrono Boost)  
  125  14:50  Probe x3 (Chrono Boost)  
  125  14:51  Colossus  
  129  14:54  Adept x3  
  129  14:55  Adept  
  129  14:57  Probe (Chrono Boost)  
  126  15:07  Photon Cannon  
  126  15:09  Robotics Facility  
  117  15:15  Dark Templar x2  
  117  15:20  Zealot x2  
  121  15:25  Zealot x2  
  112  15:31  Dark Templar  
  114  15:39  Robotics Bay  
  114  15:44  High Templar  
  114  15:45  High Templar  
  114  15:46  Zealot x2  
  119  15:54  Zealot  
  119  15:55  Zealot  
  122  15:57  Observer  
  122  16:04  High Templar  
  117  16:05  Robotics Facility  
  117  16:07  Pylon  
  117  16:08  Gateway  
  113  16:16  Stalker  
  113  16:17  Stalker x2  
  119  16:25  Adept x2  
  119  16:32  High Templar  
  119  16:38  Warp Prism  
  121  16:40  Gateway  
  120  16:47  Nexus, Zealot x2  
  116  16:56  Dark Templar  
  116  16:57  Dark Templar, Adept  
  107  17:03  Stalker  
  103  17:13  Zealot x3  
  105  17:21  Zealot  
  101  17:24  Colossus  
  96  17:31  High Templar  
  96  17:32  Zealot, High Templar  
  98  17:40  Dark Templar  
  98  17:41  Zealot x2  
  98  17:43  High Templar  
  104  17:55  Zealot x3  
  99  18:12  Zealot x2  
  99  18:13  Zealot x2  
  103  18:21  Dark Templar x2  
  103  18:28  Zealot x2, Robotics Bay  
  105  18:35  Immortal  
  105  18:36  Zealot x2  
  105  18:38  Probe (Chrono Boost)  
  105  18:40  Probe (Chrono Boost)  
  116  18:41  Probe (Chrono Boost)  
  116  18:44  Probe (Chrono Boost)  
  117  18:54  Stalker x3  
  121  18:57  Probe (Chrono Boost)  
  121  18:58  Probe (Chrono Boost)  
  121  19:03  Probe (Chrono Boost)  
  121  19:05  Probe (Chrono Boost)  
  121  19:08  Pylon  
  121  19:09  Colossus  
  123  19:14  Pylon  
  129  19:25  High Templar  
  129  19:26  High Templar  
  133  19:43  Forge  
  137  19:46  Gateway  
  137  19:48  Pylon  
  137  19:50  Assimilator  
  137  19:53  Zealot  
  137  19:56  Assimilator  
  138  20:02  Nexus  
  124  20:17  Colossus, Archon  
  120  20:26  Cybernetics Core  
  120  20:27  Pylon  
  130  20:30  Protoss Shields Level 1  
  130  20:33  Gateway x2  
  124  20:39  Probe (Chrono Boost), High Templar  
  124  20:40  Gateway  
  124  20:42  Zealot x4  
  129  20:44  Gateway  
  129  20:46  Zealot x2  
  115  21:07  High Templar  
  115  21:08  High Templar x3  
  115  21:09  Robotics Bay, Zealot x2  
  101  21:23  High Templar  
  103  21:30  High Templar  
  101  21:40  Probe x2 (Chrono Boost)  
  101  21:41  Twilight Council  
  101  21:42  Probe (Chrono Boost), Assimilator  
  101  21:43  Probe (Chrono Boost)  
  105  21:47  Zealot x3, Assimilator  
  105  21:48  Zealot x3  
  105  21:50  Probe x3 (Chrono Boost)  
  116  21:54  Probe (Chrono Boost)  
  116  22:02  Zealot x2  
  116  22:04  Gateway  
  116  22:08  Zealot x5  
  130  22:12  Archon  
  124  22:20  Pylon  
  124  22:28  Zealot x4  
  130  22:36  Zealot  
  132  22:37  Cybernetics Core  
  132  22:42  Zealot x2  
  113  22:54  Zealot x4  
  103  23:01  Zealot  
  103  23:02  Templar Archives  
  98  23:11  Cybernetics Core, Zealot x2  
  102  23:15  Probe x3 (Chrono Boost), Gateway  
  102  23:18  Gateway, Zealot x4  
  102  23:19  Gateway  
  112  23:25  Probe x2 (Chrono Boost)  
  92  23:35  Probe (Chrono Boost), Zealot x2  
  92  23:38  Zealot  
  92  23:39  Zealot x3  
Show
View Real Time Build Order
Export as new Build Order

Kirito Protoss 

Build Orders:  

Get SALT Encoding   

Show
View Real Time Build Order
Export as new Build Order

xongnoc Protoss 

Build Orders:  

Get SALT Encoding   

Tags
 
Add a new tag
Caveats
  • Supply blocks, unpowered buildings, or Contaminate may cause inaccurate times.
  • Supply counts are checked every 10 seconds.